 Dungeon Crawl Stone Soup version 0.25.1-1-g288607f5aa (webtiles) character file.

Game seed: 9603078140588274211

3454 Descartes the Peltast (level 10, -14/74 HPs)
             Began as a Formicid Fighter on July 18, 2020.
             Was a Follower of Cheibriados.
             Demolished by a two-headed ogre
             ... wielding a +0 giant club
              (20 damage)
             ... on level 8 of the Dungeon.
             The game lasted 00:23:02 (8310 turns).

Descartes the Peltast (Formicid Fighter)            Turns: 8310, Time: 00:23:03

Health: -14/74     AC: 11    Str: 24    XL:     10   Next: 26%
Magic:  10/10      EV:  9    Int: 20    God:    Cheibriados [*.....]
Gold:   529        SH: 21    Dex: 13    Spells: 4/9 levels left

rFire    . . .     SeeInvis +   L - +3 scimitar
rCold    . . .     Gourm    .   e - +1 tower shield
rNeg     . . .     Faith    .   g - +3 scale mail
rPois    .         Spirit   .   (helmet unavailable)
rElec    .         Reflect  .   (no cloak)
rCorr    .         Harm     .   r - +0 pair of gloves
MR       +....                  (no boots)
Stlth    ..........             k - amulet of regeneration
HPRegen  0.62/turn              x - +6 ring of intelligence
MPRegen  0.12/turn              (no ring)

@: starving, very slow
A: permanent stasis, dig shafts and tunnels, four strong arms, antennae 3
a: Dig, Shaft Self, Bend Time, Renounce Religion


You were on level 8 of the Dungeon.
You worshipped Cheibriados.
Cheibriados was aware of your devotion.
You were starving.

You visited 2 branches of the dungeon, and saw 9 of its levels.
You also visited: Sewer.

You collected 529 gold pieces.

Inventory:

Hand Weapons
 G - a cursed -2 fustibalus
 I - a +0 hand crossbow
 L - a +3 scimitar (weapon)
Missiles
 m - 317 stones (quivered)
 n - 5 javelins
 o - 72 arrows
 t - 25 sling bullets
 w - 9 bolts
 C - 42 poisoned darts
 E - 8 curare-tipped darts
Armour
 e - a +1 tower shield (worn)
 g - a +3 scale mail (worn)
 r - a +0 pair of gloves (worn)
 v - a +0 ring mail of magic resistance
 y - a +2 robe of cold resistance
Jewellery
 k - an amulet of regeneration (around neck)
 x - a +6 ring of intelligence (left hand)
 A - an uncursed ring of resist corrosion
Wands
 i - a wand of polymorph (7)
Scrolls
 c - a scroll of immolation
 j - a scroll of enchant armour
 u - 3 scrolls of fear
 z - a scroll of amnesia
 D - 4 scrolls of remove curse
 F - a scroll of magic mapping
 K - a scroll of enchant weapon {unknown}
Potions
 b - 2 potions of resistance
 d - a potion of cancellation
 l - 7 potions of curing
 p - 3 potions of heal wounds
 q - 3 potions of brilliance
 s - 2 potions of stabbing
 B - a potion of flight
 H - a potion of might
 J - a potion of haste {unknown}
Comestibles
 a - a chunk of flesh
 f - 10 rations


   Skills:
 + Level 5.0 Fighting
 - Level 2.0 Long Blades
 + Level 5.4 Armour
 - Level 15.0 Shields


You had 4 spell levels left.
You knew the following spells:

 Your Spells              Type           Power        Failure   Level  Hunger
a - Song of Slaying       Chrm           #.......     54%         2    ###....
b - Spectral Weapon       Hex/Chrm       #.......     78%         3    ####...

Your spell library contained the following spells:

 Spells                   Type           Power        Failure   Level  Hunger
 Beastly Appendage        Tmut           #.....       41%         1    ##.....
 Freeze                   Ice            #...         41%         1    ##.....
 Infusion                 Chrm           #...         41%         1    ##.....
 Shroud of Golubria       Chrm/Tloc      #.....       54%         2    ###....
 Sticks to Snakes         Tmut           #.......     54%         2    ###....
 Frozen Ramparts          Ice            #.....       78%         3    ####...
 Ozocubu's Armour         Chrm/Ice       #.......     78%         3    ####...
 Spider Form              Tmut/Pois      #.........   78%         3    ####...
 Hailstorm                Conj/Ice       #.......     99%         4    #####..
 Ice Form                 Ice/Tmut       #.......     99%         4    #####..
 Summon Ice Beast         Ice/Summ       #.......     99%         4    #####..
 Blade Hands              Tmut           #.........   100%        5    ######.


Dungeon Overview and Level Annotations

Branches:
Dungeon (8/15)             Temple (1/1) D:6           Sewer (visited)
   Lair: D:8-11

Altars:
Ashenzari
Cheibriados
Dithmenos
Elyvilon
Fedhas
Gozag
Hepliaklqana
Kikubaaqudgha
Makhleb
Nemelex Xobeh
Okawaru
Qazlal
Ru
Sif Muna
Trog
Uskayaw
Vehumet
Wu Jian
Xom
Yredelemnul
Zin
The Shining One

Shops:
D:4 }   D:8 !


Innate Abilities, Weirdness & Mutations

You cannot be hasted, slowed, berserked, paralysed or teleported.
You can dig through walls and to a lower floor.
Your four strong arms can wield two-handed weapons with a shield.
You have a pair of large antennae on your head. (SInv)


Message History

You slash the two-headed ogre!
The two-headed ogre is severely wounded.
The two-headed ogre barely misses you. You block the two-headed ogre's attack.
You barely miss the two-headed ogre.
The two-headed ogre is heavily wounded.
You block the two-headed ogre's attack. The two-headed ogre closely misses you.
You hit the two-headed ogre.
The two-headed ogre is severely wounded.
You block the two-headed ogre's attack.
The two-headed ogre hits you with a +0 giant spiked club!!
* * * LOW HITPOINT WARNING * * *
You barely miss the two-headed ogre.
The two-headed ogre is severely wounded.
You block the two-headed ogre's attack.
The two-headed ogre hits you but does no damage.
You hit the two-headed ogre.
The two-headed ogre is severely wounded.
The two-headed ogre hits you but does no damage.
The two-headed ogre hits you with a +0 giant spiked club!!
You die...

.....##.[.....##.##.##########
####..#.......##.##.# #
##.#.......##.##.# #
#.........+#.##.# #
##........##.##.### #
#.>#+###.##.#.... # ##.#
.##.#..# #.# #.##.#..# #.#
#..O@...# #.# ######..# .# (.#
..# ..# #.# .# ##


You could see a two-headed ogre.

Vanquished Creatures
  A spriggan (D:7)
  2 hungry ghosts (D:8)
  Duvessa (D:6)
  3 ice beasts
  2 phantoms (D:5)
  An orc warrior (D:7)
  5 ogres
  A necrophage (D:5)
  A centaur (D:8)
  8 big kobolds
  Dowan (D:6)
  A scorpion (D:6)
  A howler monkey (D:6)
  A crimson imp (D:5)
  A centaur skeleton (D:7)
  7 hounds
  5 orc priests
  An iguana (D:7)
  7 worker ants
  4 orc wizards
  A killer bee zombie (D:7)
  7 gnolls (D:7)
  12 adders
  3 river rats (Sewer)
  A shadow imp (D:5)
  3 oozes (Sewer)
  An adder zombie (D:5)
  2 adder skeletons
  A worm (D:3)
  3 dart slugs
  5 leopard geckos
  8 orcs
  5 bats
  5 giant cockroaches
  4 goblins
  15 hobgoblins
  11 jackals
  21 kobolds
  5 quokkas
  3 ball pythons
  7 frilled lizards
  A quokka skeleton (D:4)
  4 rats
182 creatures vanquished.

Notes
Turn   | Place    | Note
-------+----------+-------------------------------------------
     0 | D:1      | Descartes the Formicid Fighter began the quest for the Orb.
     0 | D:1      | Reached XP level 1. HP: 18/18 MP: 1/1
   167 | D:1      | Reached skill level 4 in Shields
   282 | D:1      | Reached XP level 2. HP: 16/24 MP: 2/2
   740 | D:1      | Reached XP level 3. HP: 29/29 MP: 3/3
   804 | D:1      | Reached skill level 5 in Shields
  1177 | D:2      | Reached XP level 4. HP: 24/35 MP: 4/4
  1330 | D:2      | Found a faded altar of an unknown god.
  1455 | D:2      | Found a stormy altar of Qazlal.
  1612 | D:2      | Reached skill level 6 in Shields
  1975 | D:3      | Reached XP level 5. HP: 29/41 MP: 5/5
  2000 | D:3      | Reached skill level 7 in Shields
  2160 | D:3      | You fall into a shaft and drop 3 floors!
  2183 | D:6      | Noticed Duvessa
  2222 | D:6      | Found a glowing drain.
  2227 | Sewer    | Entered a sewer
  2265 | Sewer    | Reached XP level 6. HP: 38/47 MP: 6/6
  2348 | Sewer    | Reached skill level 8 in Shields
  2467 | Sewer    | Reached skill level 9 in Shields
  2467 | Sewer    | Reached XP level 7. HP: 48/52 MP: 7/7
  2826 | Sewer    | Reached skill level 10 in Shields
  2952 | D:6      | Killed Duvessa
  2952 | D:6      | Reached XP level 8. HP: 58/58 MP: 8/8
  2973 | D:6      | Noticed Dowan
  3002 | D:6      | Killed Dowan
  3381 | D:5      | Entered Level 5 of the Dungeon
  3519 | D:5      | Reached skill level 11 in Shields
  3603 | D:5      | Found a shadowy altar of Dithmenos.
  3829 | D:4      | Reached skill level 12 in Shields
  3905 | D:4      | Found Witiysme's Gadget Boutique.
  4013 | D:4      | Found an opulent altar of Gozag.
  4421 | D:4      | Paralysed by fainting for 8 turns
  4431 | D:4      | Paralysed by fainting for 12 turns
  4489 | D:4      | Found a hide-covered altar of Uskayaw.
  4506 | D:4      | Reached XP level 9. HP: 63/63 MP: 9/9
  5018 | D:3      | Found a white marble altar of Elyvilon.
  5155 | D:3      | Found a burning altar of Makhleb.
  5482 | D:5      | Reached skill level 13 in Shields
  6033 | D:6      | Found a staircase to the Ecumenical Temple.
  6049 | Temple   | Entered the Ecumenical Temple
  6664 | D:7      | Found a sparkling altar of Nemelex Xobeh.
  6666 | D:7      | Found a blossoming altar of Fedhas.
  6667 | D:7      | Found a hazy altar of Hepliaklqana.
  6668 | D:7      | Found a snail-covered altar of Cheibriados.
  6669 | D:7      | Found an ornate altar of the Wu Jian Council.
  6706 | D:7      | Became a worshipper of Cheibriados the Contemplative
  6750 | D:7      | Reached skill level 14 in Shields
  7130 | D:7      | Reached * piety under Cheibriados
  7297 | D:7      | Reached skill level 15 in Shields
  7297 | D:7      | Reached XP level 10. HP: 36/70 MP: 10/10
  7357 | D:7      | Learned a level 2 spell: Song of Slaying
  7361 | D:7      | Learned a level 3 spell: Spectral Weapon
  7876 | D:8      | Found Otuxet's Distillery.
  8223 | D:8      | Reached skill level 5 in Armour
  8295 | D:8      | Reached skill level 5 in Fighting
  8296 | D:8      | Noticed a two-headed ogre
  8310 | D:8      | Demolished by a two-headed ogre

Illustrated notes

Levels and vault maps discovered:
D:1:      lemuel_arrival_broad_hall, layout_loops_corners
D:2:      layout_basic, chequers_ecumenical_altar_simple_redux,
          nicolae_qazlal_general_emergency
D:3:      layout_basic, makhleb_blood_cavern_becter, elyvilon_altar_3,
          first_ration
D:4:      layout_loops_corners, nicolae_gozag_seed_capital,
          overflow_temple_1_default, lightli_ossuary_entry_decrepit_ruins,
          serial_shops, nicolae_shop_waterfront, minmay_door_square
D:5:      minmay_evil_eye, layout_basic, grunt_dithmenos_smoke_and_mirrors
D:6:      layout_basic, minmay_temple_entry_large_hall, portal_sewer_entry_e,
          uniq_duvessa
D:7:      kennysheep_housing_project, layout_basic, grunt_temple_overflow_open,
          the_bakery
D:8:      layout_basic, serial_shops, nicolae_shop_behind_doors,
          kennysheep_generic_room_11
Temple:   dshaligram_water_room_temple

Skill      XL: |  1  2  3  4  5  6  7  8  9 10 |
---------------+-------------------------------+-----
Shields        | 4 5 6 7 9 10 12 15 | 15.0
Armour         | 5 |  5.4
Fighting       | 5 |  5.0
Long Blades    | |  2.0

Action                   |  1- 3 |  4- 6 |  7- 9 | 10-12 || total
-------------------------+-------+-------+-------+-------++-------
Melee: Long sword        |   125 |   226 |   817 |    33 ||  1201
       Scimitar          |       |       |       |   108 ||   108
 Abil: Dig               |       |     3 |     2 |     1 ||     6
  Use: Scroll            |       |     5 |    12 |       ||    17
       Potion            |       |       |     3 |       ||     3
  Eat: Chunk             |     1 |     4 |     6 |     3 ||    14
       Ration            |       |       |     4 |     1 ||     5
Armor: Scale mail        |    45 |    88 |   180 |    42 ||   355
Dodge: Dodged            |    35 |    45 |   137 |    25 ||   242
Block: Kite shield       |    13 |       |       |       ||    13
       Tower shield      |    74 |   217 |   872 |   184 ||  1347
       Rpst.: Long sword |     7 |    11 |    56 |     1 ||    75
       Scimitar          |       |       |       |     1 ||     1
